AoeStats
← Mrcy

Arena

509354132Analyzed
4v4 RM · 7d ago on Sep 26, 2026· 46m 16s· 8 players
Game mode
Random Map
Map size
Large (8 player)
Population
200
Speed
Normal
Resources
Standard
Victory
Conquest
Starting age
Dark Age
Ending age
Imperial Age
RankedLock teamsTeams togetherTeam positionsShared explorationLock speedFull tech treeHidden civsTurbo modeCheats
Victory
Defeat
🇨🇳 Cumans · China
1202
+13
🇨🇳 Romans · China
1134
+16
🇨🇳 Khmer · China
1109
+17
🇨🇳 Poles · China
983
+22
🇸🇪 Turks · Sweden
1143
-18
🇧🇪 Portuguese · Belgium
1129
-17
🇳🇱 Danes · Netherlands
1127
-17
🇹🇷 Byzantines · Türkiye
1109
-16
卖节操了
8:20 Loom
10:49 Feudal Age
14:36 Castle Age
12:30 Double-Bit Axe
12:27 Horse Collar
15:45 Bow Saw
15:59 Heavy Plow
18:00 Wheelbarrow
22:25 Hand Cart
22:33 Stone Mining
22:36 Gold Mining
25:02 Gold Shaft Mining
24:13 Loom
24:14 Town Watch
28:45 Imperial Age
27:41 Forging
27:36 Scale Mail Armor
27:02 Man-at-Arms
27:04 Pikeman
27:45 Squires
27:48 Long Swordsman
29:15 Ballistics
29:58 Conscription
30:00 Comitatenses
30:23 Iron Casting
30:03 Chain Mail Armor
29:49 Padded Archer Armor
29:39 Fletching
29:13 Legionary
30:27 Town Patrol
32:18 Blast Furnace
31:56 Ballistas
32:55 Chemistry
32:31 Bodkin Arrow
33:06 Halberdier
34:12 Guilds
34:19 Heavy Scorpion
35:26 Leather Archer Armor
35:17 Scale Barding Armor
38:46 Ring Archer Armor
43:42 Coinage
不摇碧莲
8:26 Feudal Age
8:53 Double-Bit Axe
10:39 Horse Collar
15:43 Wheelbarrow
19:45 Castle Age
18:36 Scale Barding Armor
18:59 Gold Mining
19:25 Bloodlines
19:18 Loom
21:15 Forging
21:00 Light Cavalry
24:30 Hand Cart
24:01 Town Watch
29:59 Fletching
30:49 Gold Shaft Mining
33:59 Imperial Age
32:23 Iron Casting
33:28 Chain Barding Armor
33:30 Capped Ram
35:02 Conscription
35:03 Bow Saw
34:55 Heavy Plow
34:48 Elite Steppe Lancer
37:21 Siege Ram
40:10 Plate Barding Armor
40:36 Blast Furnace
39:43 Light Cavalry
41:47 Stone Mining
lanlinxxs
10:15 Feudal Age
13:11 Castle Age
11:19 Double-Bit Axe
11:18 Horse Collar
14:37 Bow Saw
20:42 Wheelbarrow
21:19 Heavy Plow
21:23 Gold Mining
21:23 Stone Mining
23:03 Gold Shaft Mining
26:51 Imperial Age
24:07 Loom
24:08 Town Watch
26:23 Stone Shaft Mining
27:18 Capped Ram
29:08 Chemistry
28:13 Double Crossbow
27:55 Heavy Scorpion
29:42 Conscription
30:22 Siege Engineers
32:04 Hand Cart
31:49 Town Patrol
32:48 Siege Ram
34:38 Light Cavalry
35:29 Bloodlines
35:19 Husbandry
34:54 Elite Battle Elephant
36:29 Coinage
36:21 Scale Barding Armor
36:27 Forging
36:49 Hussar
38:22 Chain Barding Armor
38:38 Iron Casting
39:44 Plate Barding Armor
39:59 Banking
41:29 Blast Furnace
40:37 Fletching
jiu
12:36 Feudal Age
15:05 Double-Bit Axe
15:33 Horse Collar
18:35 Castle Age
18:10 Gold Mining
18:55 Stone Mining
20:17 Heavy Plow
21:08 Bow Saw
23:59 Forging
23:50 Scale Mail Armor
29:44 Szlachta Privileges
32:18 Imperial Age
32:48 Scale Barding Armor
32:58 Chain Mail Armor
33:19 Iron Casting
32:56 Elite Obuch
33:19 Cavalier
33:59 Husbandry
35:30 Chain Barding Armor
35:41 Plate Mail Armor
41:48 Wheelbarrow
43:46 Masonry
Mrcy
9:55 Feudal Age
8:12 Loom
10:23 Man-at-Arms
12:17 Double-Bit Axe
18:41 Castle Age
16:47 Horse Collar
21:20 Wheelbarrow
20:38 Gold Mining
22:11 Scale Mail Armor
22:22 Forging
34:50 Imperial Age
33:10 Chain Mail Armor
33:30 Iron Casting
32:47 Gambesons
33:03 Squires
32:48 Arson
35:41 Elite Varangian Guard
36:23 Onager
36:35 Hamask
37:18 Fletching
38:50 Elite Jomsviking
41:00 Bodkin Arrow
Daboss
2:14 Loom
10:13 Feudal Age
10:53 Double-Bit Axe
11:36 Horse Collar
16:40 Castle Age
17:38 Bow Saw
19:08 Gold Mining
21:24 Heavy Plow
23:01 Stone Mining
25:33 Scale Barding Armor
25:39 Forging
26:09 Wheelbarrow
27:07 Bloodlines
26:58 Husbandry
27:37 Iron Casting
29:23 Hand Cart
30:27 Chain Barding Armor
29:58 Fletching
37:41 Imperial Age
37:02 Bodkin Arrow
37:08 Padded Archer Armor
38:35 Ballistics
37:58 Treadmill Crane
39:29 Conscription
41:07 Hoardings
41:41 Blast Furnace
41:17 Plate Barding Armor
BananaRepublic
9:49 Loom
12:27 Feudal Age
16:42 Castle Age
16:17 Double-Bit Axe
16:49 Horse Collar
18:54 Fervor
25:01 Imperial Age
24:24 Treadmill Crane
25:24 Redemption
25:13 Gold Mining
26:45 Block Printing
30:22 Light Cavalry
31:09 Onager
33:00 Chemistry
noumha
9:44 Feudal Age
15:00 Castle Age
25:19 Imperial Age
23:46 Fortified Wall
23:40 Pikeman
29:08 Chemistry
28:50 Forging
29:03 Town Watch
30:00 Loom
32:19 Arquebus
34:10 Halberdier
39:32 Siege Engineers
45:58 Conscription
Connection lost

Rejoining the realm…

Still unreachable

The connection could not be restored.

Session expired

The server has moved on; the page needs a fresh start.